AoeStats
← Solraclml

Arena

509274536Analyzed
3v3 RM · 7d ago on Sep 26, 2026· 99m 49s· 6 players
Game mode
Random Map
Map size
Normal (6 player)
Population
200
Speed
Normal
Resources
Standard
Victory
Conquest
Starting age
Dark Age
Ending age
Imperial Age
RankedLock teamsTeams togetherTeam positionsShared explorationLock speedFull tech treeHidden civsTurbo modeCheats
Victory
Defeat
🇦🇷 Bohemians · Argentina
1037
+11
🇦🇷 Huns · Argentina
951
+15
🇦🇷 Turks · Argentina
921
+16
🇲🇽 Aztecs · Mexico
959
-15
🇲🇽 Cumans · Mexico
929
-14
🇲🇽 Persians · Mexico
901
-13
LeonardX003
13:17 Feudal Age
13:15 Loom
14:02 Loom
17:08 Castle Age
17:22 Castle Age
16:03 Horse Collar
16:20 Stone Mining
18:04 Scale Mail Armor
18:16 Forging
18:07 Scale Mail Armor
17:32 Man-at-Arms
19:06 Town Watch
19:37 Fletching
22:05 Wheelbarrow
21:37 Long Swordsman
25:20 Squires
29:16 Arson
31:41 Hand Cart
37:28 Imperial Age
36:24 Chain Mail Armor
39:24 Conscription
43:16 Bodkin Arrow
43:21 Padded Archer Armor
42:45 Elite Skirmisher
48:05 Bracer
48:21 Leather Archer Armor
50:56 Chemistry
60:21 Ballistics
59:43 Treadmill Crane
74:14 Spies/Treason
Solraclml
8:31 Loom
12:07 Feudal Age
14:02 Double-Bit Axe
16:22 Wheelbarrow
17:49 Scale Mail Armor
28:14 Castle Age
26:58 Horse Collar
27:34 Forging
28:24 Gold Mining
28:35 Stone Mining
30:27 Pikeman
31:09 Squires
32:22 Hand Cart
32:23 Bow Saw
32:16 Heavy Plow
32:36 Chain Mail Armor
32:57 Iron Casting
35:07 Padded Archer Armor
34:58 Fletching
36:13 Scale Barding Armor
36:05 Fletching
36:31 Leather Archer Armor
36:10 Arson
37:40 Chain Barding Armor
37:40 Capped Ram
41:09 Steppe Husbandry
43:54 Imperial Age
41:10 Town Watch
41:30 Bodkin Arrow
41:58 Ballistics
41:34 Murder Holes
42:37 Elite Skirmisher
44:22 Town Patrol
45:14 Plate Barding Armor
45:10 Plate Mail Armor
45:11 Ring Archer Armor
46:38 Chemistry
46:12 Elite Kipchak
48:54 Blast Furnace
49:48 Two-Man Saw
53:21 Gold Shaft Mining
54:23 Cavalier
MK Sinaloa
0:54 Loom
11:35 Feudal Age
13:09 Wheelbarrow
12:19 Town Watch
13:20 Double-Bit Axe
13:18 Horse Collar
22:10 Castle Age
24:20 Bloodlines
24:11 Husbandry
24:25 Thumb Ring
25:21 Scale Barding Armor
25:27 Forging
25:08 Fletching
25:19 Padded Archer Armor
31:40 Imperial Age
29:51 Gold Mining
30:51 Heavy Plow
31:53 Chain Barding Armor
32:10 Iron Casting
32:52 Conscription
32:24 Crossbowman
33:48 Ballistics
34:35 Murder Holes
35:43 Chemistry
35:54 Kamandaran
36:05 Citadels
36:57 Bodkin Arrow
37:40 Plate Barding Armor
38:42 Blast Furnace
39:08 Gold Shaft Mining
40:24 Cavalier
44:47 Leather Archer Armor
44:30 Savar
54:30 Ring Archer Armor
80:00 Light Cavalry
80:39 Hussar
SimbaSKYwalker
0:27 Loom
9:48 Feudal Age
20:20 Castle Age
18:32 Horse Collar
18:52 Double-Bit Axe
19:07 Man-at-Arms
20:09 Scale Mail Armor
32:18 Wheelbarrow
31:19 Long Swordsman
32:00 Squires
32:04 Town Watch
36:08 Imperial Age
34:21 Caravan
35:35 Forging
36:39 Hand Cart
36:48 Bow Saw
38:35 Two-Handed Swordsman
40:15 Murder Holes
40:40 Ballistics
44:19 Bloodlines
44:09 Husbandry
44:52 Heavy Camel Rider
47:13 Two-Man Saw
46:14 Gold Mining
46:14 Stone Mining
46:03 Elite Janissary
49:00 Conscription
51:39 Padded Archer Armor
58:59 Heavy Plow
59:54 Iron Casting
59:34 Chain Mail Armor
59:55 Iron Casting
Exkoria74
10:12 Feudal Age
8:28 Loom
16:08 Castle Age
14:18 Horse Collar
16:13 Double-Bit Axe
18:15 Fervor
34:44 Imperial Age
32:40 Heavy Plow
35:05 Chemistry
34:54 Wheelbarrow
34:08 Town Watch
36:43 Ballistics
37:03 Hand Cart
37:05 Bow Saw
38:12 Fletching
38:33 Padded Archer Armor
40:49 Bodkin Arrow
41:10 Leather Archer Armor
42:08 Bracer
45:18 Ring Archer Armor
46:29 Town Patrol
51:06 Houfnice
53:37 Wagenburg Tactics
53:53 Conscription
60:31 Siege Engineers
60:22 Murder Holes
64:15 Elite Skirmisher
91:31 Pikeman
ZEROarg
2:57 Loom
13:00 Feudal Age
17:36 Castle Age
18:23 Wheelbarrow
18:48 Double-Bit Axe
21:24 Horse Collar
22:45 Bow Saw
25:27 Bloodlines
26:12 Pikeman
32:48 Imperial Age
31:50 Forging
37:48 Iron Casting
37:16 Scale Mail Armor
37:27 Gold Mining
38:50 Two-Man Saw
37:54 Halberdier
Connection lost

Rejoining the realm…

Still unreachable

The connection could not be restored.

Session expired

The server has moved on; the page needs a fresh start.